 Dungeon Sprint DCSS version 0.20.1-1-g8b1a95d (console) character file.

8 hilaritas the Ducker (level 2, -5/18 HPs)
             Began as a Deep Elf Fire Elementalist on Mar 12, 2018.
             Was an Initiate of Vehumet.
             Slain by an ironbrand convoker
             ... wielding a +0 morningstar
              (23 damage)
             ... in the Dungeon (Sprint V: "Ziggurat Sprint").
             The game lasted 00:01:30 (92 turns).

hilaritas the Ducker (Deep Elf Fire Elementalist)     Turns: 92, Time: 00:01:31

Health: -5/18      AC:  2    Str:  5    XL:     2   Next: 0%
Magic:  2/8        EV: 15    Int: 31    God:    Vehumet [......]
Gold:   0          SH:  8    Dex: 15    Spells: 6/7 levels left

rFire    . . .     SeeInvis .   O - staff of energy
rCold    . . .     Gourm    .   l - +3 buckler
rNeg     . . .     Faith    .   a - +0 robe
rPois    .         Spirit   .   (no helmet)
rElec    .         Reflect  .   (no cloak)
rCorr    .         Harm     .   (no gloves)
MR       .....     NoTele   +   (no boots)
Stlth    ++........             (no amulet)
Regen    0.1/turn               F - +6 ring of intelligence
MPRegen  0.2/turn               G - +6 ring of intelligence

@: hasted, very quick
A: no striking features
a: Renounce Religion


You were in the Dungeon.
You worshipped Vehumet.
Vehumet was noncommittal.
You were not hungry.

You visited 1 branch

Inventory:

Hand Weapons
 B - a +5 quick blade
Armour
 a - a +0 robe (worn)
 j - +5 fire dragon scales
 k - +5 ice dragon scales
 l - a +3 buckler (worn)
Magical Staves
 O - an uncursed staff of energy (weapon)
Jewellery
 D - a +6 ring of dexterity
 E - a +6 ring of dexterity
 F - a +6 ring of intelligence (left hand)
 G - a +6 ring of intelligence (right hand)
 H - a +6 ring of strength
 I - a +6 ring of strength
 J - an uncursed ring of flight
Wands
 K - a wand of disintegration (7/24)
 L - a wand of iceblast (5/15)
 M - a wand of lightning (5/15)
 N - a wand of acid (5/15)
Scrolls
 i - 4 scrolls of blinking
 s - 4 scrolls of amnesia
 t - 3 scrolls of recharging
 u - 7 scrolls of fog
 v - a scroll of holy word
 w - 5 scrolls of identify
 x - 5 scrolls of remove curse
 y - 2 scrolls of fear
Potions
 d - 10 potions of curing
 e - 10 potions of heal wounds
 f - 5 potions of haste
 g - 7 potions of magic
 h - 3 potions of berserk rage
 m - 2 potions of brilliance
 n - 2 potions of invisibility
 o - 4 potions of resistance
 q - 5 potions of agility
 r - 5 potions of might
Books
 b - a book of Flames

   Spells                             Type                      Level
   a - Flame Tongue                   Conjuration/Fire             1
   b - Throw Flame                    Conjuration/Fire             2
   c - Conjure Flame                  Conjuration/Fire             3
   d - Inner Flame                    Hexes/Fire                   3
   e - Sticky Flame                   Conjuration/Fire             4
   f - Fireball                       Conjuration/Fire             5
Miscellaneous
 C - a lightning rod (4/4)
Comestibles
 c - 5 bread rations
 z - 42 fruits
 A - 4 meat rations


   Skills:
 - Level 2.7 Fighting
 - Level 5.0 Dodging
 - Level 2.4 Stealth
 - Level 4.2 Shields
 - Level 3.0 Spellcasting
 * Level 1.1 Conjurations
 + Level 3.2 Fire Magic


You had 6 spell levels left.
You knew the following spells:

 Your Spells              Type           Power        Failure   Level  Hunger
a - Flame Tongue          Conj/Fire      ###..        2%          1    None


Dungeon Overview and Level Annotations

Branches:
Dungeon (1/1)

Altars:
Ashenzari
Cheibriados
Dithmenos
Elyvilon
Fedhas
Gozag
Hepliaklqana
Kikubaaqudgha
Makhleb
Nemelex Xobeh
Okawaru
Qazlal
Ru
Sif Muna
Trog
Uskayaw
Vehumet
Xom
Yredelemnul
Zin
The Shining One
Beogh
Jiyva
Lugonu

Annotations:
D 1 transporter


Message History

The vault warden seems to grow stronger.
Casting: Flame Tongue
Confirm with . or Enter, or press ? or * to list all spells.
Aiming: Flame Tongue
Press: ? - help, Shift-Dir - straight line, f/p - ironbrand convoker
Aim: an ironbrand convoker, wielding a morningstar and wearing a ring mail (moderately wounded)
The flame tongue hits the ironbrand convoker.
The ironbrand convoker is heavily wounded.
Casting: Flame Tongue
Confirm with . or Enter, or press ? or * to list all spells.
Aiming: Flame Tongue
Press: ? - help, Shift-Dir - straight line, f/p - ironbrand convoker
Aim: an ironbrand convoker, wielding a morningstar and wearing a ring mail (heavily wounded)
The flame tongue hits the ironbrand convoker.
The ironbrand convoker appears unharmed.
The ironbrand convoker is heavily wounded.
The vault warden closely misses you.
The ironbrand convoker hits you with a morningstar!!
Ouch! That really hurt!
You die...

▓▓▓▓▓▓▓
▓.8©8.▓
▓.....▓
▓.}.|.▓
▓.....▓
▓.pp..▓
▓..@..▓
▓▓▓▓▓▓▓


You could see a vault warden and an ironbrand convoker.

Vanquished Creatures (others)
  3 spatial maelstroms (D)
3 creatures vanquished.

Notes
Turn   | Place    | Note
-------+----------+-------------------------------------------
     0 | D        | hilaritas the Deep Elf Fire Elementalist began the quest for the Orb.
     0 | D        | Reached XP level 1. HP: 10/10 MP: 6/6
     1 | D        | Banished a spatial maelstrom
     5 | D        | Banished a spatial maelstrom
    10 | D        | Banished a spatial maelstrom
    13 | D        | Found a blossoming altar of Fedhas.
    21 | D        | Banished a spatial maelstrom
    23 | D        | Found a deep blue altar of Sif Muna.
    23 | D        | Found a sacrificial altar of Ru.
    23 | D        | Found a bloodstained altar of Trog.
    23 | D        | Found a stormy altar of Qazlal.
    23 | D        | Found an iron altar of Okawaru.
    23 | D        | Found a sparkling altar of Nemelex Xobeh.
    25 | D        | Found a transporter.
    25 | D        | Found an ancient bone altar of Kikubaaqudgha.
    25 | D        | Found a viscous altar of Jiyva.
    25 | D        | Found a corrupted altar of Lugonu.
    25 | D        | Found a hazy altar of Hepliaklqana.
    25 | D        | Found a burning altar of Makhleb.
    25 | D        | Found an opulent altar of Gozag.
    71 | D        | Became a worshipper of Vehumet
    74 | D        | Reached skill level 5 in Dodging
    74 | D        | Reached XP level 2. HP: 18/18 MP: 8/8
    85 | D        | Entered arena 2.
    85 | D        | Noticed an ironbrand convoker
    85 | D        | Noticed a vault warden
    85 | D        | Found a transporter.
    92 | D        | Slain by an ironbrand convoker

Skill      XL: |  1 |
---------------+----+-----
Fighting       | 2 |  2.7
Dodging        | 5 |  5.0
Shields        | 4 |  4.2
Stealth        | |  2.4
Spellcasting   | |  3.0
Conjurations   | |  1.1
Fire Magic     | |  3.2

Action                   || total
-------------------------++-------
 Cast: Flame Tongue      ||     6
  Use: Potion            ||     2
Dodge: Dodged            ||     2
Block: Buckler           ||     2
